 Dungeon Crawl Stone Soup version 0.26-a0-663-g36e8fdb655 (webtiles) character file.

Game seed: 12882817132979763582

178 zazu2006 the Magician (level 5, -9/43 HPs)
             Began as a Naga Hedge Wizard on Oct 10, 2020.
             Mangled by Sigmund
             ... wielding a +0 scythe
              (10 damage)
             ... on level 3 of the Dungeon.
             The game lasted 00:04:15 (2569 turns).

zazu2006 the Magician (Naga Hedge Wizard)           Turns: 2569, Time: 00:04:17

Health: -9/43      AC:  4    Str: 12    XL:     5   Next: 58%
Magic:  8/11       EV:  9    Int: 15    God:
Gold:   195        SH:  0    Dex: 11    Spells: 3/12 levels left

rFire    . . .     SeeInvis +   o - +2 dagger (venom)
rCold    . . .     Faith    .   (no shield)
rNeg     . . .     Spirit   .   e - +0 leather armour
rPois    +         Reflect  .   j - +0 helmet
rElec    .         Harm     .   (no cloak)
rCorr    .         Rampage  .   (no gloves)
MR       .....                  (no barding)
Stlth    ++........             (no amulet)
HPRegen  0.14/turn              (no ring)
MPRegen  0.12/turn              (no ring)

@: very slow
A: large, see invisible, deformed body, poison resistance, slowness 2, spit
poison 1, AC +1
a: Spit Poison


You were on level 3 of the Dungeon.
You visited 1 branch of the dungeon, and saw 3 of its levels.

You collected 195 gold pieces.

Inventory:

Hand Weapons
 o - a +2 dagger of venom (weapon)
Armour
 c - a +0 hat
 e - a +0 leather armour (worn)
 j - a +0 helmet (worn)
Scrolls
 d - a scroll of remove curse {unknown}
 h - a scroll of fear {unknown}
 i - a scroll of teleportation {unknown}
 k - 2 scrolls of magic mapping {unknown}
 l - 2 scrolls of identify {unknown}
 m - a scroll of noise {unknown}
Potions
 b - 2 potions of ambrosia {unknown}
 f - a potion of magic {unknown}
 g - 4 potions of curing {unknown}
 n - a potion of heal wounds


   Skills:
 + Level 0.3 Fighting
 + Level 1.6 Armour
 + Level 2.1 Dodging
 + Level 4.2 Stealth
 + Level 4.2 Spellcasting
 + Level 2.0 Conjurations
   Level 1.0 Summonings
 + Level 1.0 Translocations
 * Level 0.5 Poison Magic


You had 3 spell levels left.
You knew the following spells:

 Your Spells              Type           Power        Failure   Level
a - Magic Dart            Conj           #...         10%         1
b - Mephitic Cloud        Conj/Pois/Air  #.......     43%         3
c - Conjure Flame         Conj/Fire      #.......     41%         3
d - Blink                 Tloc           N/A          22%         2

Your spell library contained the following spells:

 Spells                   Type           Power        Failure   Level
 Call Imp                 Summ           #.......     22%         2
 Slow                     Hex            #.......     34%         2


Dungeon Overview and Level Annotations

Branches:
Dungeon (3/15)

Altars:

Annotations:
D:3 Sigmund


Innate Abilities, Weirdness & Mutations

You cannot wear boots.
Your serpentine skin is tough. (AC +1)
You have supernaturally acute eyesight. (SInv)
Armour fits poorly on your strangely shaped body.
Your system is resistant to poisons. (rPois)
You cover ground very slowly.
You can spit poison.


Message History

You barely miss Sigmund.
Sigmund is almost dead.
You closely miss Sigmund.
Sigmund is almost dead.
You have got your breath back.
Sigmund gestures at you while chanting. The magic dart hits you.
* * * LOW HITPOINT WARNING * * *
Casting: Magic Dart (safe; 10% risk of failure)
Confirm with . or Enter, or press ? or * to list all spells.
You blink.
Sigmund drinks a potion.
Sigmund is healed!
Casting: Blink (safe; 22% risk of failure)
Confirm with . or Enter, or press ? or * to list all spells.
Aiming: Magic Dart (safe; 10% risk of failure)
Press: ? - help, Shift-Dir - straight line, f/p - Sigmund
Aim: Sigmund, wielding a +0 scythe and wearing a +0 robe (lightly wounded, slightly transparent)
The magic dart hits Sigmund.
Sigmund is moderately wounded.
Sigmund hits you from afar with a +0 scythe!
You die...

#.# # ... .. #.# ###
[.. ' #.#... .#
......##.#.# #.###
..... ..... ....
......##.#######..##
#..).@.@.........
... #.###.##§.....#
... #.# #.........#
.. #.# ####......#
## .. #.# ####.#.#
#. .# #.# #.#.### #.
.# ###### #.#
#.#.#.. #<
.###....####.###
#.#†#.######
...+(...'.††...#
#.#.#.#.....


You could see Sigmund (invisible).

Vanquished Creatures
  3 orc wizards (D:3)
  3 adders
  2 oozes
  A dart slug (D:2)
  7 orcs (D:3)
  4 giant cockroaches
  7 goblins
  2 hobgoblins
  4 jackals (D:1)
  6 bats
  2 frilled lizards
  6 kobolds
  9 rats
56 creatures vanquished.

Notes
Turn   | Place    | Note
-------+----------+-------------------------------------------
     0 | D:1      | zazu2006 the Naga Hedge Wizard began the quest for the Orb.
     0 | D:1      | Reached XP level 1. HP: 15/15 MP: 4/4
   217 | D:1      | Reached XP level 2. HP: 22/22 MP: 3/6
   723 | D:1      | Reached XP level 3. HP: 28/28 MP: 6/8
  1153 | D:1      | Learned a level 3 spell: Mephitic Cloud
  1157 | D:1      | Learned a level 3 spell: Conjure Flame
  1160 | D:1      | Learned a level 2 spell: Blink
  1912 | D:3      | Reached XP level 4. HP: 36/36 MP: 9/9
  1998 | D:3      | Reached skill level 1 in Armour
  2292 | D:3      | Reached XP level 5. HP: 36/42 MP: 6/11
  2517 | D:3      | Noticed Sigmund
  2567 | D:3      | HP: 1/43 [Sigmund/magic dart (5)]
  2569 | D:3      | Mangled by Sigmund

Illustrated notes

Levels and vault maps discovered:
D:1:      psy_arrival_terrarium, layout_basic
D:2:      layout_loops_ring
D:3:      layout_basic, uniq_sigmund, uniq_crazy_yiuf_cottage

Skill      XL: |  1  2  3  4  5 |
---------------+----------------+-----
Dodging        | 2 |  2.1
Armour         | 1 |  1.6
Spellcasting   | 4 |  4.2
Stealth        | 4 |  4.2
Conjurations   | 2 |  2.0
Fighting       | |  0.3
Summonings     | |  1.0
Translocations | |  1.0
Poison Magic   | |  0.5

Action                   |  1- 3 |  4- 6 || total
-------------------------+-------+-------++-------
Melee: Dagger            |    34 |    59 ||    93
 Cast: Magic Dart        |    54 |    33 ||    87
       Blink             |       |     1 ||     1
 Abil: Spit Poison       |    11 |    10 ||    21
 Stab: Sleeping          |     2 |       ||     2
Armor: Robe              |     2 |       ||     2
       Leather armour    |     8 |    15 ||    23
Dodge: Dodged            |    20 |    33 ||    53

Table legend: (Time is in decaauts)
 A = Elapsed time spent in this place.
 B = Non-inter-level travel time spent in this place.
 C = Inter-level travel time spent in this place.
 D = Time resting spent in this place.
 E = Time spent auto-exploring this place.
 F = Levels seen in this place.
 G = Mean time per level.
                   A        B        C        D        E       F      G
               +--------+--------+--------+--------+--------+-----+--------+
         Total |   3037 |   2944 |     93 |     70 |   2435 |   3 | 1012.3 |
       Dungeon |   3037 |   2944 |     93 |     70 |   2435 |   3 | 1012.3 |
               +--------+--------+--------+--------+--------+-----+--------+

Top non-repeatable levels by time:
     D:1: 1404 daAuts
     D:2: 876 daAuts
     D:3: 757 daAuts
